 Dungeon Crawl Stone Soup version 0.29.1-12-g30fa7ad0bf (webtiles) character file.

Game seed: 3418971099392774136

21 MisterFreud the Twirler (level 3, 0/27 HPs)
             Began as a Formicid Gladiator on Jan 5, 2023.
             Slain by a goblin
             ... wielding a +3 dagger
             ... led by Robin
              (3 damage)
             ... on level 2 of the Dungeon.
             The game lasted 00:00:52 (1340 turns).

MisterFreud the Twirler (Formicid Gladiator)        Turns: 1340, Time: 00:00:52

Health: 0/27       AC:  3    Str: 20    XL:     3   Next: 5%
Magic:  3/3        EV: 12    Int:  7    God:
Gold:   80         SH:  0    Dex: 15    Spells: 2/2 levels left

rFire   . . .      SeeInvis +   a - +1 quarterstaff
rCold   . . .      Faith    .   (no shield)
rNeg    . . .      Spirit   .   b - +0 leather armour
rPois   .          Reflect  .   (helmet unavailable)
rElec   .          Harm     .   (no cloak)
rCorr   .          Rampage  .   (no gloves)
Will    .....                   (no boots)
Stlth   +.........              (no amulet)
HPRegen 0.09/turn               (no ring)
MPRegen 0.08/turn               (no ring)

@: no status effects
A: permanent stasis, dig shafts and tunnels, antennae 3, four strong arms
a: Dig, Shaft Self


You were on level 2 of the Dungeon.
You visited 1 branch of the dungeon, and saw 2 of its levels.

You collected 80 gold pieces.

Inventory:

Hand Weapons
 a - a +1 quarterstaff (weapon)
Missiles
 c - 3 throwing nets (quivered)
 d - a javelin
Armour
 b - a +0 leather armour (worn)
Potions
 e - a potion of degeneration {unknown}
 f - a potion of curing {unknown}
 g - 2 potions of lignification {unknown}
 h - a potion of berserk rage {unknown}
 i - a potion of cancellation {unknown}


   Skills:
 - Level 2.2 Fighting
 + Level 3.9 Staves
 - Level 2.0 Throwing
 - Level 2.7 Dodging


You had 2 spell levels left.
You didn't know any spells.
Your spell library was empty.

Dungeon Overview and Level Annotations

Branches:
Dungeon (2/15)

Altars:

Shops:
D:2 =

Annotations:
D:2 Robin


Innate Abilities, Weirdness & Mutations

You cannot be hasted, slowed, berserked, paralysed or teleported.
You can dig through walls and to a lower floor.
You have a pair of large antennae on your head. (SInv)
Your four strong arms can wield two-handed weapons with a shield.


Message History

The kobold hits you with a +0 short sword.
A kobold is nearby!
You sock the kobold!
You kill the kobold!
There is an entrance to Geoseeco's Jewellery Shoppe here.
h - a black potion You sense a monster nearby.
No target in view!
A hobgoblin and a goblin come into view.
Found a leather armour.
The goblin shouts!
You hear a shout! x3
A goblin comes into view. It is wielding a +0 dagger.
The goblin unwields a +0 dagger.
The goblin wields a +0 sling.
The goblin shoots a sling bullet.
The sling bullet hits you. 2 goblins and a hobgoblin come into view.
The hobgoblin shouts!
The goblin shouts!
You hear a shout!
Robin of the Strong Arm comes into view.
They are wielding a +0 dagger.
A goblin comes into view. It is wielding a +0 club.
The goblin unwields a +0 dagger.
The goblin wields a +0 sling.
The goblin shoots a sling bullet.
The sling bullet misses you.
A goblin comes into view. It is wielding a +3 dagger.
The hobgoblin moves out of view.
The goblin shoots a sling bullet.
The sling bullet closely misses you.
A goblin comes into view. It is wielding a +0 dagger.
Robin throws the goblin at you!
A goblin comes into view. It is wielding a +0 dagger.
The goblin shouts! x2
There is a stone staircase leading down here.
You hear a shout!
The goblin shoots a sling bullet.
The sling bullet hits you.
The goblin shoots a sling bullet.
The sling bullet hits you. Robin throws the goblin at you!
The goblin barely misses you. The goblin hits you with a +3 dagger.
The goblin shoots a sling bullet.
The sling bullet hits you.
The goblin shoots a sling bullet.
The sling bullet hits you.
* * * LOW HITPOINT WARNING * * *
The goblin attacks as you move away! The goblin hits you with a +3 dagger.
* * * LOW HITPOINT WARNING * * *
The goblin attacks as you move away! The goblin hits you with a +3 dagger.
You die...

##### #........# .....
....####........# ......
................# ......
................####..g...
.........#######...gg.g...
.........# #...>g...g..
.###.....# #.....g..g[.
†###.....# #.gg.....g..
.#......># #.@<........
......[..# #...........
.#.......######).......#+#
.#.......#.............#
.#.....................#
.#......#.#......#+#+#.#
.#.......∩.......# .#
.#......#.#......#
.########........#


You could see Robin, 2 hobgoblins and 8 goblins.

Vanquished Creatures
  2 bats (D:1)
  2 endoplasms (D:2)
  3 goblins (D:1)
  4 quokkas
  A ball python (D:1)
  2 frilled lizards
  2 kobolds
  4 rats
20 creatures vanquished.

Notes
Turn   | Place    | Note
-------+----------+-------------------------------------------
     0 | D:1      | MisterFreud the Formicid Gladiator began the quest for the
                  | Orb.
     0 | D:1      | Reached XP level 1. HP: 16/16 MP: 1/1
     6 | D:1      | Noticed a swamp worm
     6 | D:1      | Noticed a komodo dragon
     6 | D:1      | Noticed a wyvern
     7 | D:1      | Noticed a wolf
     7 | D:1      | Noticed a redback
   177 | D:1      | Reached XP level 2. HP: 8/20 MP: 2/2
   412 | D:1      | Found a faded altar of an unknown god.
  1255 | D:2      | Found Geoseeco's Jewellery Shoppe.
  1271 | D:2      | Reached XP level 3. HP: 26/27 MP: 3/3
  1335 | D:2      | Noticed Robin
  1340 | D:2      | Slain by a goblin

Illustrated notes

Levels and vault maps discovered:
D:1:      onia_arrival_zoo_common, layout_loops_ring,
          shapermc_ecumenical_altar_notcrosses, st_stairs_5
D:2:      layout_basic, serial_shops, nicolae_shop_crystal, uniq_robin

Action                   || total
-------------------------++-------
Melee: Quarterstaff      ||    48
  Use: Scroll            ||     2
Armor: Leather armour    ||    11
Dodge: Dodged            ||    31
